 Dungeon Crawl Stone Soup version 0.25.1-2-g60ff931df9 (webtiles) character file.

Game seed: 15912048081583159654

2373 raphialitos the Shield-Bearer (level 9, -9/74 HPs)
             Began as a Gnoll Fighter on Sept 29, 2020.
             Was a Follower of the Shining One.
             Splashed by Pikel's acid (12 damage)
             ... on level 7 of the Dungeon.
             The game lasted 00:15:47 (6030 turns).

raphialitos the Shield-Bearer (Gnoll Fighter)       Turns: 6030, Time: 00:15:48

Health: -9/74      AC:  8    Str: 23    XL:     9   Next: 45%
Magic:  15/15      EV:  8    Int: 11    God:    the Shining One [*.....]
Gold:   424        SH: 12    Dex: 21    Spells: 16/16 levels left

rFire    . . .     SeeInvis +   E - +8 whip of Extermination {vorpal, +Fly Str+2}
rCold    . . .     Gourm    .   c - +0 kite shield
rNeg     . . .     Faith    .   x - +1 plate armour
rPois    .         Spirit   .   t - +1 helmet {SInv}
rElec    .         Reflect  .   (no cloak)
rCorr    .         Harm     .   (no gloves)
MR       .....                  (no boots)
Stlth    ..........             (no amulet)
HPRegen  0.22/turn              v - +4 ring of slaying
MPRegen  0.14/turn              q - +6 ring of dexterity

@: corroded, glowing
A: distributed training, fangs 1, strong nose
a: Renounce Religion, Evoke Flight


You were on level 7 of the Dungeon.
You worshipped the Shining One.
The Shining One was aware of your devotion.
You were hungry.

You visited 2 branches of the dungeon, and saw 8 of its levels.

You collected 424 gold pieces.

Inventory:

Hand Weapons
 d - a +0 hunting sling
 z - a +0 hand crossbow
 E - the +8 whip of Extermination (weapon) {vorpal, +Fly Str+2}
   (You found it on level 7 of the Dungeon)

   It inflicts extra damage upon your enemies.
   It affects your strength (+2).
   It lets you fly.
Missiles
 g - 7 boomerangs
 h - 6 javelins
 k - 104 arrows
 n - 29 poisoned darts (quivered)
 p - 5 atropa-tipped darts
 A - 55 sling bullets
 D - 5 curare-tipped darts
 F - 15 bolts
Armour
 c - a +0 kite shield (worn)
 t - a +1 helmet of see invisible (worn)
 x - a +1 plate armour (worn)
Jewellery
 e - an uncursed ring of wizardry
 m - an uncursed ring of see invisible
 q - a +6 ring of dexterity (right hand)
 v - a +4 ring of slaying (left hand)
 y - an uncursed ring of protection from magic
Wands
 B - a wand of enslavement (14)
Scrolls
 o - a scroll of remove curse
 s - 2 scrolls of teleportation
 C - a scroll of vulnerability {unknown}
Potions
 i - 2 potions of resistance {unknown}
 j - 3 potions of degeneration {unknown}
 l - 3 potions of curing {unknown}
 r - 2 potions of berserk rage {unknown}
 u - 3 potions of stabbing {unknown}
 w - a potion of ambrosia {unknown}
Comestibles
 a - 6 chunks of flesh
 f - 13 rations


   Skills:
 + Level 7.8 Fighting
 + Level 4.1 Short Blades
 + Level 4.1 Long Blades
 + Level 6.2 Axes
 + Level 4.1 Maces & Flails
 + Level 4.1 Polearms
 + Level 4.1 Staves
 + Level 4.1 Slings
 + Level 4.1 Bows
 + Level 4.1 Crossbows
 + Level 4.1 Throwing
 + Level 7.8 Armour
 + Level 4.1 Dodging
 + Level 4.1 Stealth
 + Level 7.8 Shields
 + Level 4.1 Unarmed Combat
 + Level 4.1 Spellcasting
 + Level 3.4 Conjurations
 + Level 3.4 Hexes
 + Level 3.4 Charms
 + Level 3.4 Summonings
 + Level 3.4 Necromancy
 + Level 3.4 Translocations
 + Level 3.4 Transmutations
 + Level 3.4 Fire Magic
 + Level 3.4 Ice Magic
 + Level 3.4 Air Magic
 + Level 3.4 Earth Magic
 + Level 3.4 Poison Magic
 + Level 4.6 Invocations
 + Level 4.1 Evocations


You had 16 spell levels left.
You didn't know any spells.
Your spell library contained the following spells:

 Spells                   Type           Power        Failure   Level  Hunger
 Corona                   Hex            #......      91%         1    #......
 Slow                     Hex            #.......     97%         2    ##.....
 Inner Flame              Hex/Fire       #.......     99%         3    ###....
 Portal Projectile        Hex/Tloc       #.....       99%         3    ###....
 Cause Fear               Hex            #.........   100%        4    #####..
 Leda's Liquefaction      Hex/Erth       #.........   100%        4    #####..


Dungeon Overview and Level Annotations

Branches:
Dungeon (7/15)             Temple (1/1) D:4

Altars:
Ashenzari
Dithmenos
Gozag
Hepliaklqana
Kikubaaqudgha
Makhleb
Nemelex Xobeh
Okawaru
Qazlal
Ru
Sif Muna
Trog
Uskayaw
Vehumet
Wu Jian
Xom
Yredelemnul
Zin
The Shining One

Annotations:
D:7 Pikel


Innate Abilities, Weirdness & Mutations

Your experience applies equally to all skills.
You have very sharp teeth.
Your uncanny sense of smell can sniff out nearby items.


Message History

Pikel is moderately wounded.
The slave hits you but does no damage. Pikel hits you but does no damage.
You closely miss Pikel.
Pikel is moderately wounded.
You block the slave's attack.
Pikel zaps a wand.
The bolt of acid hits you.
You are splashed with acid!
You hit Pikel.
Pikel is heavily wounded.
The slave hits you. Pikel waves his whip at you. You block Pikel's attack.
You hit Pikel.
Pikel is heavily wounded.
The slave closely misses you. You block Pikel's attack.
You whack Pikel! You bite Pikel, but do no damage.
Pikel is almost dead.
You block the slave's attack.
Pikel zaps a wand.
The bolt of acid hits you!!
* * * LOW HITPOINT WARNING * * *
You are splashed with acid!
You die...

.(.#.###. ........# .........
#........ #### .
#.#....#........ ...##.
##.....##p.......### #....
#......##ap.).......##....
####......##K#### ......#....
#..........p@...#####........
###.......<....................
..................########.÷...
#.........÷......###..........
#.............................
##...........).........)÷......
.....................))÷.......
.#..........................>..
##...........)............#...


You could see Pikel, 3 slaves and a worker ant.

Vanquished Creatures
  A hornet (D:7)
  Prince Ribbit (D:5)
  Sigmund (D:2)
  A hungry ghost (D:3)
  2 sky beasts
  A slave (D:7)
  A black bear (D:6)
  An ice beast (D:5)
  A phantom (D:7)
  2 orc warriors (D:6)
  A crocodile (D:7)
  A bullfrog (D:6)
  2 scorpions
  2 crimson imps
  2 hounds
  A quasit (D:5)
  2 centaur skeletons (D:5)
  A jelly (D:6)
  3 iguanas
  6 orc wizards
  3 worker ants
  2 worker ant zombies
  Robin (D:2)
  A howler monkey skeleton (D:6)
  3 gnolls (D:7)
  4 adders
  3 shadow imps
  2 oozes
  An adder skeleton (D:5)
  A worm (D:3)
  8 leopard geckos
  7 orcs
  6 giant cockroaches
  18 goblins
  8 hobgoblins
  7 jackals
  5 kobolds
  2 quokkas
  2 ball pythons
  4 bats
  7 frilled lizards
  A quokka skeleton (D:6)
  8 rats
137 creatures vanquished.

Vanquished Creatures (others)
  An orc wizard (D:3)
1 creature vanquished.

Grand Total: 138 creatures vanquished

Notes
Turn   | Place    | Note
-------+----------+-------------------------------------------
     0 | D:1      | raphialitos the Gnoll Fighter began the quest for the Orb.
     0 | D:1      | Reached XP level 1. HP: 23/23 MP: 1/1
   198 | D:1      | Reached XP level 2. HP: 29/29 MP: 2/2
   461 | D:1      | Reached XP level 3. HP: 34/35 MP: 3/3
   687 | D:2      | Found a shadowy altar of Dithmenos.
   880 | D:2      | Noticed Sigmund
   907 | D:2      | Reached skill level 1 in Invocations
   910 | D:2      | Killed Sigmund
   910 | D:2      | Reached skill level 1 in Short Blades
   910 | D:2      | Reached skill level 1 in Long Blades
   910 | D:2      | Reached skill level 1 in Maces & Flails
   910 | D:2      | Reached skill level 1 in Polearms
   910 | D:2      | Reached skill level 1 in Staves
   910 | D:2      | Reached skill level 1 in Slings
   910 | D:2      | Reached skill level 1 in Bows
   910 | D:2      | Reached skill level 1 in Crossbows
   910 | D:2      | Reached skill level 1 in Throwing
   910 | D:2      | Reached skill level 1 in Dodging
   910 | D:2      | Reached skill level 1 in Stealth
   910 | D:2      | Reached skill level 1 in Unarmed Combat
   910 | D:2      | Reached skill level 1 in Spellcasting
   910 | D:2      | Reached skill level 1 in Conjurations
   910 | D:2      | Reached skill level 1 in Hexes
   910 | D:2      | Reached skill level 1 in Charms
   910 | D:2      | Reached skill level 1 in Summonings
   910 | D:2      | Reached skill level 1 in Necromancy
   910 | D:2      | Reached skill level 1 in Translocations
   910 | D:2      | Reached skill level 1 in Transmutations
   910 | D:2      | Reached skill level 1 in Fire Magic
   910 | D:2      | Reached skill level 1 in Ice Magic
   910 | D:2      | Reached skill level 1 in Air Magic
   910 | D:2      | Reached skill level 1 in Earth Magic
   910 | D:2      | Reached skill level 1 in Poison Magic
   910 | D:2      | Reached skill level 1 in Evocations
   910 | D:2      | Reached XP level 4. HP: 10/41 MP: 4/6
   910 | D:2      | Reached XP level 5. HP: 12/47 MP: 4/7
   920 | D:2      | Noticed Robin
   929 | D:2      | Killed Robin
   949 | D:2      | Reached XP level 6. HP: 12/53 MP: 8/8
  1635 | D:3      | Noticed a hungry ghost
  1639 | D:3      | Killed a hungry ghost
  1639 | D:3      | Reached skill level 5 in Axes
  1833 | D:3      | Found a bloodstained altar of Trog.
  2586 | D:4      | Reached XP level 7. HP: 59/59 MP: 10/10
  2597 | D:4      | Found a staircase to the Ecumenical Temple.
  2604 | Temple   | Entered the Ecumenical Temple
  2883 | Temple   | Became a worshipper of the Shining One
  3036 | D:4      | Found an opulent altar of Gozag.
  3598 | D:5      | Entered Level 5 of the Dungeon
  3598 | D:5      | Found a shattered altar of Ashenzari.
  3783 | D:5      | Found a shadowy altar of Dithmenos.
  3815 | D:5      | Noticed Prince Ribbit
  3833 | D:5      | Killed Prince Ribbit
  3833 | D:5      | Reached XP level 8. HP: 43/67 MP: 10/12
  4265 | D:5      | Found a sacrificial altar of Ru.
  4666 | D:6      | Found an ornate altar of the Wu Jian Council.
  4666 | D:6      | Reached * piety under the Shining One
  4895 | D:6      | Found a stormy altar of Qazlal.
  4897 | D:6      | Noticed a water elemental
  4897 | D:6      | Noticed an air elemental
  5223 | D:6      | Reached XP level 9. HP: 48/72 MP: 14/14
  5333 | D:6      | Found a shimmering blue altar of Sif Muna.
  5774 | D:7      | Noticed a hornet
  5780 | D:7      | Paralysed by a hornet for 3 turns
  5784 | D:7      | Killed a hornet
  5966 | D:7      | Got a fading whip
  5966 | D:7      | Identified the +8 whip of Extermination {vorpal, +Fly
                  | Str+2} (You found it on level 7 of the Dungeon)
  6008 | D:7      | Noticed Pikel
  6030 | D:7      | HP: 3/74 [Pikel/bolt of acid (22)]
  6030 | D:7      | Splashed by Pikel's acid

Illustrated notes

Levels and vault maps discovered:
D:1:      dpeg_arrival_round_b, layout_basic, minmay_misc_feat_square
D:2:      minmay_chambers_of_ones, layout_basic, first_ration,
          grunt_dithmenos_smoke, uniq_robin, uniq_sigmund
D:3:      layout_basic, lemuel_crystal_altar
D:4:      layout_gridville, nicolae_gozag_cash_rules_everything_around_me,
          minmay_temple_entry_arrows, portal_sewer_entry_f,
          minmay_strange_pillars, kennysheep_decorative_pillar,
          chequers_serial_rivers_room_a
D:5:      layout_basic, nicolae_overflow_crystal_walls, lemuel_doored_altar,
          cheibrodos_ashenzari_chains, uniq_prince_ribbit1
D:6:      kennysheep_orc_sif_temple, layout_basic, old_standard_altar,
          serial_bayou_pond_e, minmay_misc_feat_alley, st_stairs_12,
          nicolae_qazlal_style_of_elements
D:7:      minmay_evil_eye, layout_rooms, basic_altar, uniq_pikel,
          uniq_crazy_yiuf_cottage
Temple:   oiseaux_autumnal_temple

Skill      XL: |  1  2  3  4  5  6  7  8  9 |
---------------+----------------------------+-----
Invocations    | 1 2 3 4 |  4.6
Short Blades   | 1 2 3 4 |  4.1
Long Blades    | 1 2 3 4 |  4.1
Maces & Flails | 1 2 3 4 |  4.1
Polearms       | 1 2 3 4 |  4.1
Staves         | 1 2 3 4 |  4.1
Slings         | 1 2 3 4 |  4.1
Bows           | 1 2 3 4 |  4.1
Crossbows      | 1 2 3 4 |  4.1
Throwing       | 1 2 3 4 |  4.1
Dodging        | 1 2 3 4 |  4.1
Stealth        | 1 2 3 4 |  4.1
Unarmed Combat | 1 2 3 4 |  4.1
Spellcasting   | 1 2 3 4 |  4.1
Conjurations   | 1 2 3 |  3.4
Hexes          | 1 2 3 |  3.4
Charms         | 1 2 3 |  3.4
Summonings     | 1 2 3 |  3.4
Necromancy     | 1 2 3 |  3.4
Translocations | 1 2 3 |  3.4
Transmutations | 1 2 3 |  3.4
Fire Magic     | 1 2 3 |  3.4
Ice Magic      | 1 2 3 |  3.4
Air Magic      | 1 2 3 |  3.4
Earth Magic    | 1 2 3 |  3.4
Poison Magic   | 1 2 3 |  3.4
Evocations     | 1 2 3 4 |  4.1
Axes           | 5 6 |  6.2
Fighting       | 7 |  7.8
Armour         | 7 |  7.8
Shields        | 7 |  7.8

Action                   |  1- 3 |  4- 6 |  7- 9 || total
-------------------------+-------+-------+-------++-------
Melee: War axe           |    68 |    73 |   160 ||   301
       Bite              |     9 |     8 |    26 ||    43
       Whip              |       |       |    14 ||    14
 Fire: Hand crossbow     |       |       |     2 ||     2
Throw: Dart              |       |     3 |       ||     3
       Boomerang         |       |       |     1 ||     1
  Use: Potion            |     1 |       |     2 ||     3
       Scroll            |       |     6 |     4 ||    10
  Eat: Chunk             |       |     7 |    10 ||    17
Armor: Scale mail        |    25 |    26 |    11 ||    62
       Plate armour      |       |       |    79 ||    79
Dodge: Dodged            |    29 |    13 |    41 ||    83
Block: Kite shield       |    40 |    50 |   124 ||   214
